[Event "Titled Tuesday Blitz February 21 Early 2023"]
[White "Bilan, Danila"]
[Black "Jimenez, Joaquin"]
[WhiteFideId "24161918"]
[BlackFideId "109860"]
[WhiteElo "2303"]
[BlackElo "2195"]
[Result "1/2-1/2"]
[Round "08"]
[TimeControl "180+2"]
[Date "2023.02.21"]
[WhiteClock "0:00:09"]
[BlackClock "0:00:06"]

1. d4 Nf6 2. Nf3 g6 3. Bg5 Bg7 4. c3 O-O 5. Nbd2 c5 6. e3 d5 7. Bd3 Nc6 8. O-O Qb6 9. Rb1 c4 10. Bc2 Qa5 11. a3 Bf5 12. Re1 Rae8 13. e4 dxe4 14. Nxe4 Nxe4 15. Bxe4 Bxe4 16. Rxe4 Qd5 17. Qe2 e6 18. Re1 b5 19. Qe3 a5 20. Bh6 b4 21. axb4 axb4 22. Rh4 Bf6 23. Rh3 Ra8 24. Bxf8 Kxf8 25. Rxh7 Ra2 26. Ne5 Nxe5 27. dxe5 Bg7 28. Qb6 Kg8 29. Rh3 b3 30. Qb8+ Bf8 31. Rf3 Qc5 32. Qb7 Be7 33. Qb8+ Kg7 34. Rh3 Bf8 35. Rf3 Rxb2 36. h4 Rd2 37. h5 Rd3 38. hxg6 Rxf3 39. gxf3 Kxg6 40. Qb7 Be7 41. Qe4+ Kg7 42. Qg4+ Kf8 43. Ra1 Bd8 44. Qe4 Qd5 45. Rb1 Qxe4 46. fxe4 Ba5 47. Kf1 Bxc3 48. Rc1 b2 49. Rb1 Bxe5 50. Ke2 c3 51. Kd3 f5 52. exf5 exf5 53. f4 Bf6 54. Kc2 Kf7 55. Re1 Bg7 56. Re2 Bf6 57. Re3 Kg6 58. Rd3 Kh5 59. Rd6 Bg7 60. Rd7 Bf6 61. Rd6 Bg7 62. Rd7 Bf6 63. Rf7 Kg6 64. Rc7 Bg7 65. Rc6+ Bf6 66. Rc5 Bg7 67. Rd5 Bf6 68. Rb5 Bg7 69. Kd3 Bf6 70. Kc2 Bg7 71. Rb6+ Bf6 72. Rc6 Kg7 73. Re6 Kf7 74. Ra6 Kg7 75. Ra7+ Kg6 76. Ra6 Kg7 77. Ra5 Kg6 78. Rb5 1/2-1/2


[Site "https://www.chess.com"]

[Event "Titled Tuesday Blitz February 21 Early 2023"]
[White "Toktomushev, Teimur"]
[Black "Potapova, Margarita"]
[WhiteFideId "14176726"]
[BlackFideId "14126869"]
[WhiteElo "2239"]
[BlackElo "2104"]
[Result "0-1"]
[Round "08"]
[TimeControl "180+2"]
[Date "2023.02.21"]
[WhiteClock "0:00:03"]
[BlackClock "0:00:51"]

1. d4 Nf6 2. c4 g6 3. Nc3 d5 4. cxd5 Nxd5 5. e4 Nxc3 6. bxc3 Bg7 7. Be3 c5 8. Qd2 Qa5 9. Nf3 O-O 10. Rc1 Rd8 11. d5 e6 12. c4 Qa3 13. h4 Nc6 14. h5 Nb4 15. hxg6 hxg6 16. Bxc5 Nc2+ 17. Qxc2 Qxc5 18. Be2 Bd7 19. O-O Rac8 20. Qb3 b6 21. Rfd1 Qa5 22. Ng5 exd5 23. Rxd5 Rc5 24. Qf3 Rf8 25. Rxd7 Rxg5 26. Rcd1 Qxa2 27. Rd8 Re5 28. Rxf8+ Bxf8 29. Rd8 Qa1+ 30. Bf1 Re7 31. Qf6 Qxf6 0-1


[Site "https://www.chess.com"]

[Event "Titled Tuesday Blitz February 21 Early 2023"]
[White "Koridze, Lile"]
[Black "Toncheva, Nadya"]
[WhiteFideId "13612514"]
[BlackFideId "2924056"]
[WhiteElo "2191"]
[BlackElo "2295"]
[Result "1/2-1/2"]
[Round "08"]
[TimeControl "180+2"]
[Date "2023.02.21"]
[WhiteClock "0:02:00"]
[BlackClock "0:00:35"]

1. d4 d5 2. c4 dxc4 3. e3 Nf6 4. Bxc4 e6 5. Nf3 a6 6. a4 c5 7. O-O Nc6 8. dxc5 Qxd1 9. Rxd1 Bxc5 10. b3 O-O 11. Bb2 Be7 12. Nc3 Na5 13. Ne5 Nxc4 14. Nxc4 Bc5 15. Ba3 Bxa3 16. Rxa3 Bd7 17. Nb6 Rad8 18. b4 Bc6 19. Raa1 Ne4 20. Nxe4 Bxe4 21. f3 Bc6 22. Kf2 f6 23. e4 Kf7 24. Ke3 Ke7 25. Rac1 Rxd1 26. Rxd1 Rd8 27. Rxd8 Kxd8 28. Kd4 Kc7 29. Kc5 h5 30. b5 axb5 31. axb5 Be8 32. Na8+ Kb8 33. Nb6 Kc7 34. Na8+ Kb8 35. Nb6 Kc7 1/2-1/2


[Site "https://www.chess.com"]

[Event "Titled Tuesday Blitz February 21 Early 2023"]
[White "Corredor Castellanos, Camilo"]
[Black "Bews, Steven"]
[WhiteFideId "4425871"]
[BlackFideId "2400529"]
[WhiteElo "1957"]
[BlackElo "2295"]
[Result "0-1"]
[Round "08"]
[TimeControl "180+2"]
[Date "2023.02.21"]
[WhiteClock "0:01:18"]
[BlackClock "0:02:20"]

1. Nf3 Nf6 2. g3 e6 3. Bg2 d5 4. O-O Be7 5. c4 O-O 6. b3 d4 7. Bb2 c5 8. b4 Nc6 9. bxc5 Bxc5 10. d3 e5 11. Nbd2 a5 12. Ng5 h6 13. Nge4 Nxe4 14. Nxe4 Be7 15. f4 f5 16. Nd2 Be6 17. Bxc6 bxc6 18. fxe5 Bg5 19. Nf3 Be3+ 20. Kh1 g5 21. Ba3 Re8 22. Qa4 g4 23. Ne1 c5 24. Rb1 Bd7 25. Qc2 Bc6+ 26. Ng2 Qc8 27. Bc1 Bxg2+ 28. Kxg2 Qc6+ 29. Rf3 gxf3+ 30. exf3 Bxc1 31. Qxc1 Rxe5 0-1


[Site "https://www.chess.com"]

[Event "Titled Tuesday Blitz February 21 Early 2023"]
[White "Pinheiro, Iung Alicio de O."]
[Black "Krzywda, Andrzej"]
[WhiteFideId "2104350"]
[BlackFideId "1114565"]
[WhiteElo "2306"]
[BlackElo "2223"]
[Result "1-0"]
[Round "08"]
[TimeControl "180+2"]
[Date "2023.02.21"]
[WhiteClock "0:00:16"]
[BlackClock "0:00:27"]

1. e4 e5 2. Bc4 Nf6 3. d3 c6 4. Nf3 d5 5. Bb3 Bd6 6. Nc3 Bc7 7. exd5 cxd5 8. Bg5 Be6 9. O-O Nc6 10. Nb5 Bb8 11. c4 O-O 12. cxd5 Bxd5 13. Bxf6 Bxb3 14. Qxb3 Qxf6 15. Nc3 Qh6 16. Qxb7 Nd4 17. g3 Nxf3+ 18. Qxf3 Bd6 19. Ne4 Bc7 20. h4 Rab8 21. b3 Bb6 22. Rac1 Bd4 23. Rc7 Qb6 24. Rfc1 h6 25. R1c6 Qa5 26. Nd6 Rb6 27. Rxf7 Rd8 28. Rcc7 e4 29. Rxg7+ Bxg7 30. Qf7+ Kh8 31. Qxg7# 1-0


[Site "https://www.chess.com"]

[Event "Titled Tuesday Blitz February 21 Early 2023"]
[White "Shapiro, Viktor"]
[Black "Afanasieva, Alexandra"]
[WhiteFideId "4175700"]
[BlackFideId "34126926"]
[WhiteElo "2192"]
[BlackElo "1857"]
[Result "1-0"]
[Round "08"]
[TimeControl "180+2"]
[Date "2023.02.21"]
[WhiteClock "0:02:03"]
[BlackClock "0:01:10"]

1. c4 e5 2. Nc3 Nf6 3. g3 d5 4. cxd5 Nxd5 5. Bg2 Nb6 6. Nf3 Nc6 7. d3 Be7 8. a3 Be6 9. O-O O-O 10. b4 a5 11. b5 Nd4 12. Rb1 a4 13. Nxe5 Bf6 14. f4 Nf5 15. Ne4 Bxe5 16. fxe5 Qd4+ 17. Kh1 Bb3 18. Qd2 Qxe5 19. Bb2 1-0


[Site "https://www.chess.com"]

[Event "Titled Tuesday Blitz February 21 Early 2023"]
[White "Zaksaite, Salomeja"]
[Black "Kubicka, Anna"]
[WhiteFideId "12801496"]
[BlackFideId "1152254"]
[WhiteElo "2283"]
[BlackElo "2240"]
[Result "1-0"]
[Round "08"]
[TimeControl "180+2"]
[Date "2023.02.21"]
[WhiteClock "0:00:13"]
[BlackClock "0:00:02"]

1. d4 Nf6 2. Nc3 c5 3. d5 e6 4. e4 d6 5. Nf3 exd5 6. exd5 g6 7. Be2 Bg7 8. O-O O-O 9. a4 Bg4 10. h3 Bxf3 11. Bxf3 Nbd7 12. Bf4 Ne8 13. Re1 Ne5 14. Ne4 h6 15. Nd2 Nxf3+ 16. Qxf3 a6 17. Nc4 b5 18. axb5 axb5 19. Rxa8 Qxa8 20. Nxd6 Nxd6 21. Bxd6 Rd8 22. Bxc5 Qxd5 23. Re8+ Kh7 24. Rxd8 Qxd8 25. Qxf7 h5 26. c3 Qf6 27. Qxf6 Bxf6 28. Bd4 Bg5 29. f3 Kg8 30. Kf2 Kf7 31. Ke2 Ke6 32. Kd3 Kd5 33. b3 Be7 34. c4+ bxc4+ 35. bxc4+ Ke6 36. Ke4 Bb4 37. c5 Bd2 38. Be3 Bb4 39. Kf4 1-0


[Site "https://www.chess.com"]

[Event "Titled Tuesday Blitz February 21 Early 2023"]
[White "Jenkins, Drake"]
[Black "Pranav, V"]
[WhiteFideId "2022397"]
[BlackFideId "25060783"]
[WhiteElo "2130"]
[BlackElo "2597"]
[Result "0-1"]
[Round "08"]
[TimeControl "180+2"]
[Date "2023.02.21"]
[WhiteClock "0:00:01"]
[BlackClock "0:01:35"]

1. Nf3 d5 2. g3 c6 3. Bg2 Nf6 4. d3 g6 5. O-O Bg7 6. c4 O-O 7. Nbd2 Nbd7 8. Rb1 e5 9. b4 Re8 10. e4 dxe4 11. Nxe4 Nxe4 12. dxe4 Qe7 13. c5 Nf8 14. Bb2 a5 15. a3 axb4 16. axb4 Bg4 17. Qc2 h6 18. h3 Bxf3 19. Bxf3 h5 20. Ra1 Rab8 21. h4 Ne6 22. Qc4 Red8 23. Rfd1 Nd4 24. Bg2 Rd7 25. Bh3 Rdd8 26. Kg2 Bf6 27. Rd3 Ra8 28. Rda3 Rab8 29. Rd3 b5 30. Qc1 Bg7 31. Qd1 Ra8 32. Rxa8 Rxa8 0-1


[Site "https://www.chess.com"]

[Event "Titled Tuesday Blitz February 21 Early 2023"]
[White "Harsh Suresh"]
[Black "Cunha, Lucas Aguiar"]
[WhiteFideId "45018464"]
[BlackFideId "2125404"]
[WhiteElo "2298"]
[BlackElo "2309"]
[Result "1-0"]
[Round "08"]
[TimeControl "180+2"]
[Date "2023.02.21"]
[WhiteClock "0:00:53"]
[BlackClock "0:01:43"]

1. e4 c5 2. Nc3 Nc6 3. Bb5 Nd4 4. Bc4 e6 5. Nf3 Ne7 6. O-O Nec6 7. d3 Be7 8. Nxd4 cxd4 9. Ne2 O-O 10. Bb3 a5 11. a4 d6 12. Qe1 Qb6 13. Bd2 Bf6 14. f4 g6 15. Kh1 Bg7 16. Qg3 f5 17. exf5 Rxf5 18. Rae1 Kh8 19. Ng1 d5 20. Nf3 Bd7 21. Ng5 Re8 22. Qh3 h6 23. Re2 Kg8 24. Nf3 e5 25. Bxd5+ Kh7 26. g4 Rff8 27. Ng5+ Kh8 28. Nf7+ Rxf7 29. Bxf7 Rf8 30. Bxg6 Ne7 31. Be4 Qxb2 32. f5 Ng8 33. g5 Qxc2 34. Qh4 Rf7 35. f6 Bf8 36. g6 Rxf6 37. Rxf6 Qd1+ 38. Re1 Qxd2 39. Rxf8 Kg7 40. Rf7+ 1-0


[Site "https://www.chess.com"]

[Event "Titled Tuesday Blitz February 21 Early 2023"]
[White "Matinian, Nikita"]
[Black "Chakravarthi Reddy, M"]
[WhiteFideId "24129100"]
[BlackFideId "25009532"]
[WhiteElo "2407"]
[BlackElo "2279"]
[Result "1/2-1/2"]
[Round "08"]
[TimeControl "180+2"]
[Date "2023.02.21"]
[WhiteClock "0:00:32"]
[BlackClock "0:00:07"]

1. Nf3 d6 2. g3 Nf6 3. Bg2 g6 4. O-O Bg7 5. d3 O-O 6. e4 e5 7. Nc3 Nbd7 8. h3 c6 9. Bd2 a5 10. Qc1 Qc7 11. Bh6 Nc5 12. Ne2 Re8 13. Bxg7 Kxg7 14. Nh4 d5 15. f3 h6 16. g4 Ne6 17. Kh1 Nh7 18. f4 exf4 19. Nxf4 Nxf4 20. Rxf4 dxe4 21. Bxe4 Ng5 22. Bg2 Be6 23. Qd2 Bd5 24. Bxd5 cxd5 25. Raf1 Rac8 26. c3 Qe5 27. Kg2 Rc7 28. Nf3 Nxf3 29. R4xf3 Qe2+ 30. Qxe2 Rxe2+ 31. R1f2 Rxf2+ 32. Kxf2 Re7 33. Re3 Kf6 34. a4 Rxe3 35. Kxe3 Ke5 36. d4+ Ke6 37. Kf4 g5+ 38. Kf3 f5 39. gxf5+ Kxf5 40. b3 h5 41. c4 dxc4 42. bxc4 g4+ 43. hxg4+ hxg4+ 44. Kg3 Ke4 45. d5 Kf5 46. Kg2 b6 47. Kf2 Kg5 48. Ke3 Kf5 49. Ke2 Ke5 50. Kf1 Kf6 51. Kg2 Ke5 52. Kg3 Kf5 53. Kh4 Kf4 54. d6 g3 55. Kh3 Kf3 56. d7 g2 57. d8=Q g1=Q 58. Qd5+ Kf4 59. Qd6+ Kf3 60. Qd5+ Kf4 61. Qd6+ Ke4 62. Qd5+ Kf4 1/2-1/2


[Site "https://www.chess.com"]

[Event "Titled Tuesday Blitz February 21 Early 2023"]
[White "Averjanov, Alexey"]
[Black "Aarav Dengla"]
[WhiteFideId "14109867"]
[BlackFideId "45059756"]
[WhiteElo "2399"]
[BlackElo "2343"]
[Result "1-0"]
[Round "08"]
[TimeControl "180+2"]
[Date "2023.02.21"]
[WhiteClock "0:00:03"]
[BlackClock "0:00:01"]

1. d4 d5 2. c4 e6 3. Nf3 a6 4. e3 Nf6 5. Nbd2 Be7 6. Bd3 O-O 7. O-O dxc4 8. Nxc4 b5 9. Nce5 c5 10. b3 Bb7 11. Qe2 Nc6 12. Nxc6 Bxc6 13. Bb2 cxd4 14. Bxd4 Bxf3 15. gxf3 Nd5 16. Rad1 Bf6 17. Be4 Bxd4 18. Rxd4 Nc3 19. Bxh7+ Kh8 20. Qd3 Qg5+ 21. Rg4 Qf6 22. Be4 Rfd8 23. Qc2 Rac8 24. Kg2 g6 25. b4 Nd5 26. Qb3 Rc3 27. Qb2 Rdc8 28. Bxd5 exd5 29. Rc1 Kg7 30. Rxc3 Qxc3 31. Qxc3+ Rxc3 32. Rd4 Rc2 33. Rxd5 Rxa2 34. Rd6 Ra4 35. f4 Rxb4 36. Rxa6 Rb3 37. Kf3 Rb1 38. Rb6 b4 39. Ke4 Rb2 40. f3 Rxh2 41. Rxb4 Rh5 42. Rb6 Ra5 43. Kd3 Ra3+ 44. Ke2 Ra2+ 45. Kf1 Ra3 46. Kf2 Ra2+ 47. Kg3 Ra1 48. e4 Ra5 49. Kg4 Ra1 50. Rb5 Rg1+ 51. Kh3 Kf6 52. Rb6+ Ke7 53. Kh2 Ra1 54. Kg2 Ra2+ 55. Kg3 Ra1 56. Rb5 Kf6 57. f5 gxf5 58. Rxf5+ Ke6 59. Kf4 Rh1 60. Rb5 Rh4+ 61. Ke3 Rh3 62. Rb6+ Ke5 63. Rb7 f6 64. Rb5+ Ke6 65. Ra5 Rg3 66. Kf4 Rg8 67. Ra6+ Kf7 68. Kf5 Rg5+ 69. Kf4 Rh5 70. Kg4 Rg5+ 71. Kf4 Rh5 72. Ke3 Rh1 73. Ra8 Re1+ 74. Kf4 Rh1 75. Kg4 Rg1+ 76. Kf5 Rg5+ 77. Kf4 Rh5 78. Ra7+ Ke6 79. Rg7 Rh4+ 80. Ke3 Rh1 81. Rg2 Re1+ 82. Kf4 Rh1 83. Rc2 Rh4+ 84. Kg3 Rh8 85. Rc6+ Ke5 86. Rc5+ Ke6 87. Kg4 Rg8+ 88. Kf4 Rh8 89. Rc6+ Kf7 90. Rd6 Rh5 91. Rd7+ Ke6 92. Rb7 Rh1 93. Ke3 Re1+ 94. Kf2 Ra1 95. f4 Ra3 96. Ke2 Rg3 97. Rb6+ Ke7 98. Kf2 Rh3 99. Kg2 Re3 100. Rb4 Ra3 101. Rb2 Re3 102. Rb4 Ra3 103. Kf2 Ke6 104. Rb6+ Ke7 105. Rb2 Rd3 106. Re2 Rh3 107. Kg2 Rd3 108. Kf2 Ra3 109. Re3 Ra2+ 110. Kf3 Ke6 111. Rc3 Ra1 112. Rc6+ Ke7 113. Kg4 Ra5 114. Rb6 Rc5 115. Ra6 Rb5 116. Ra7+ Ke6 117. f5+ Kd6 118. Rf7 Re5 119. Rxf6+ Ke7 120. Rg6 Rxe4+ 121. Kg5 Kf7 122. Rb6 Re7 123. Rh6 Kg8 124. Kg6 Ra7 125. Rh3 1-0


[Site "https://www.chess.com"]

[Event "Titled Tuesday Blitz February 21 Early 2023"]
[White "Tan, Jun Ying"]
[Black "Mazurkiewicz, Michal"]
[WhiteFideId "5710413"]
[BlackFideId "1124943"]
[WhiteElo "2307"]
[BlackElo "2145"]
[Result "1/2-1/2"]
[Round "08"]
[TimeControl "180+2"]
[Date "2023.02.21"]
[WhiteClock "0:00:24"]
[BlackClock "0:00:10"]

1. Nf3 Nf6 2. b3 g6 3. Bb2 Bg7 4. g3 O-O 5. Bg2 d6 6. d4 Nbd7 7. O-O Re8 8. c4 c6 9. Nc3 e5 10. dxe5 dxe5 11. Ng5 Qe7 12. Nge4 Nxe4 13. Nxe4 Rd8 14. Qd6 Qxd6 15. Nxd6 Nc5 16. Nxc8 Raxc8 17. Rfd1 Ne6 18. e3 Nc5 19. Ba3 Ne6 20. Be7 Re8 21. Rd7 Rc7 22. Rxc7 Nxc7 23. Bc5 e4 24. Rd1 b6 25. Ba3 f5 26. Kf1 Ne6 27. Ke2 Rd8 28. Rxd8+ Nxd8 29. f3 exf3+ 30. Bxf3 Bf8 31. Bb2 Bg7 32. Ba3 Bf8 33. Bc1 c5 34. e4 fxe4 35. Bxe4 Ne6 36. Bd5 Kf7 37. Kd3 Bg7 38. Ke4 Ke7 39. Bxe6 Kxe6 40. Bf4 Bf8 41. Bb8 Bd6 42. Bxa7 Bc7 43. a4 Kd6 44. a5 bxa5 45. g4 Kc6 46. h3 Bd6 47. h4 Kb7 48. Kd5 Be7 49. Bxc5 Bxh4 50. Bd4 h5 51. gxh5 gxh5 52. Kc5 Bd8 53. Kd6 h4 54. c5 h3 55. c6+ Kc8 56. Bg1 h2 57. Bxh2 Bc7+ 58. Kc5 Bxh2 59. Kb5 Bc7 60. b4 axb4 61. Kxb4 Kd8 62. Kb5 Ke7 63. Ka6 Kd6 64. Kb7 Bd8 65. Kc8 Kxc6 1/2-1/2


[Site "https://www.chess.com"]

[Event "Titled Tuesday Blitz February 21 Early 2023"]
[White "Zacurdajev, Dmitry"]
[Black "Sharapov, Evgeny"]
[WhiteFideId "4196309"]
[BlackFideId "14103133"]
[WhiteElo "2273"]
[BlackElo "2375"]
[Result "0-1"]
[Round "08"]
[TimeControl "180+2"]
[Date "2023.02.21"]
[WhiteClock "0:00:01"]
[BlackClock "0:00:22"]

1. d4 Nf6 2. c4 e6 3. Nc3 Bb4 4. Qc2 c5 5. dxc5 O-O 6. Bg5 h6 7. Bh4 Bxc5 8. e3 Nc6 9. Nf3 b6 10. a3 Bb7 11. Be2 Rc8 12. O-O Be7 13. Rfd1 a6 14. Rd2 Qc7 15. Rad1 d6 16. Bxf6 gxf6 17. Ne4 Rfd8 18. b4 Ne5 19. Nxe5 fxe5 20. Ng3 d5 21. Bh5 Bf8 22. Qb2 Bg7 23. cxd5 Rxd5 24. e4 Rd4 25. h3 Qc3 26. Qxc3 Rxc3 27. Ne2 Rxd2 28. Nxc3 Rxd1+ 29. Bxd1 b5 30. f3 Kf8 31. Kf2 Ke7 32. Ke3 Kd6 33. Kd3 Bf6 34. Nb1 Bd8 35. Nd2 Bb6 36. Nb3 f5 37. Be2 h5 38. Bd1 h4 39. Be2 Bc6 40. Bd1 Be8 41. Be2 Bh5 42. Nd2 Be8 43. Nb3 Ke7 44. Nd2 Kf6 45. Nb3 Kg5 46. Bd1 Kf4 47. exf5 exf5 48. Ke2 Kg3 49. Kf1 Bf7 50. Nc5 Bc4+ 51. Kg1 a5 52. Bc2 Kf4 53. Bb1 e4 54. fxe4 fxe4 55. Bc2 e3 56. Nd3+ Kg3 0-1


[Site "https://www.chess.com"]

[Event "Titled Tuesday Blitz February 21 Early 2023"]
[White "Kouskoutis, Georgios-Alexandros"]
[Black "Kvaloy, Aksel Bu"]
[WhiteFideId "4234049"]
[BlackFideId "1528815"]
[WhiteElo "2295"]
[BlackElo "2321"]
[Result "0-1"]
[Round "08"]
[TimeControl "180+2"]
[Date "2023.02.21"]
[WhiteClock "0:00:11"]
[BlackClock "0:00:34"]

1. c4 e5 2. g3 Nf6 3. Bg2 c6 4. Nf3 e4 5. Nd4 Qb6 6. Nc2 Bc5 7. O-O O-O 8. Nc3 d5 9. cxd5 cxd5 10. d4 Be7 11. Bg5 Be6 12. Ne3 Nbd7 13. Qd2 h6 14. Bxf6 Nxf6 15. Rfc1 Rfc8 16. Na4 Qd8 17. Rxc8 Rxc8 18. Rc1 b6 19. Nd1 Qd7 20. Rxc8+ Qxc8 21. Nac3 a6 22. a3 b5 23. e3 h5 24. h4 Bh3 25. Qe2 Bxg2 26. Kxg2 g6 27. Na2 Qb7 28. Ndc3 Kg7 29. Nc1 b4 30. axb4 Bxb4 31. N1a2 Bd6 32. Qc2 a5 33. Qa4 Qxb2 34. Qxa5 Ng4 35. Nd1 Qe2 36. Nac3 Qf3+ 37. Kg1 Bxg3 38. fxg3 Qxg3+ 39. Kf1 Qf3+ 40. Ke1 Nxe3 41. Nxe3 Qxe3+ 42. Ne2 Qb3 43. Qc3 Qb8 44. Qe3 Qh2 45. Qf4 Qh3 46. Qe5+ Kg8 47. Qxd5 Qxh4+ 48. Kd1 Qg4 49. Qe5 h4 50. Qf4 Qh5 51. Qxe4 h3 52. Qh1 h2 53. Ke1 Qh3 54. Kf2 Kg7 55. Ng3 Qh4 56. Kg2 Qxd4 57. Kxh2 Qd2+ 58. Qg2 Qh6+ 59. Qh3 Qc1 60. Qg2 Qf4 61. Qh3 Qe5 62. Qg4 f5 63. Qf3 Kh6 64. Kg2 Qb2+ 65. Qf2 Qe5 66. Qf3 Kg7 67. Qf2 Kf6 68. Qf3 g5 69. Nh5+ Kg6 70. Ng3 g4 71. Qxf5+ Qxf5 72. Nxf5 Kxf5 73. Kg3 Kg5 74. Kg2 Kf4 75. Kf2 Ke4 76. Kg3 Kf5 77. Kg2 Kg5 78. Kg3 Kh5 79. Kg2 Kh4 80. Kh2 g3+ 81. Kg2 Kg4 82. Kg1 Kf3 83. Kf1 Ke3 84. Kg2 Kf4 85. Kg1 Kf3 86. Kf1 Kg4 87. Kg2 Kh4 88. Kg1 Kg5 89. Kg2 Kg4 90. Kg1 Kh3 91. Kh1 Kh4 92. Kg2 Kg5 0-1


[Site "https://www.chess.com"]

[Event "Titled Tuesday Blitz February 21 Early 2023"]
[White "Aggelis, Nikolaos"]
[Black "Matko, Ognjen"]
[WhiteFideId "4213220"]
[BlackFideId "14509717"]
[WhiteElo "2270"]
[BlackElo "2295"]
[Result "1-0"]
[Round "08"]
[TimeControl "180+2"]
[Date "2023.02.21"]
[WhiteClock "0:00:17"]
[BlackClock "0:00:06"]

1. d4 Nf6 2. g3 c5 3. d5 e6 4. Nc3 exd5 5. Nxd5 Nxd5 6. Qxd5 Be7 7. Bg2 O-O 8. Nh3 Nc6 9. Nf4 Nd4 10. Be4 d6 11. c3 Ne6 12. O-O Nxf4 13. Bxf4 Be6 14. Qd3 g6 15. Rfd1 Qb6 16. b3 Rfd8 17. Bd5 Bf6 18. Rac1 Bxd5 19. Qxd5 Rd7 20. c4 Re8 21. Rc2 Re6 22. h4 h5 23. Qf3 Qd8 24. Rcd2 Qe8 25. e3 Qe7 26. Rd5 Be5 27. Bg5 Bf6 28. Kg2 Bxg5 29. Rxg5 Rf6 30. Qxh5 Qe4+ 31. Kg1 Qc2 32. Rf1 d5 33. Qg4 Rdd6 34. cxd5 Qxa2 35. Qc8+ Kg7 36. h5 Qxb3 37. h6+ Kh7 38. Qf8 1-0


[Site "https://www.chess.com"]

[Event "Titled Tuesday Blitz February 21 Early 2023"]
[White "Ibadov, Dashgyn"]
[Black "Ziatdinov, Raset"]
[WhiteFideId "24107514"]
[BlackFideId "2015323"]
[WhiteElo "2391"]
[BlackElo "2101"]
[Result "0-1"]
[Round "08"]
[TimeControl "180+2"]
[Date "2023.02.21"]
[WhiteClock "0:00:01"]
[BlackClock "0:01:06"]

1. e4 c5 2. Nf3 Nc6 3. Bb5 g6 4. O-O Bg7 5. c3 Nh6 6. d4 cxd4 7. cxd4 O-O 8. d5 Na5 9. Nc3 a6 10. Bd3 b5 11. h3 d6 12. Be3 f5 13. Qd2 fxe4 14. Nxe4 Nf5 15. Bf4 Nc4 16. Bxc4 bxc4 17. Rfe1 Rb8 18. Rab1 Qb6 19. Nc3 h6 20. Re2 g5 21. Bh2 Nd4 22. Nxd4 Bxd4 23. Bg3 Bf5 24. Rbe1 Bf6 25. Kh2 Qxb2 26. Qxb2 Rxb2 27. Rxb2 Bxc3 28. Rbe2 Bxe1 29. Rxe1 c3 30. f4 c2 31. fxg5 hxg5 32. Bf2 Rb8 33. Be3 g4 34. hxg4 Bxg4 0-1


[Site "https://www.chess.com"]

[Event "Titled Tuesday Blitz February 21 Early 2023"]
[White "Lerch, Philipp"]
[Black "Lehtosaari, Mauri"]
[WhiteFideId "4654129"]
[BlackFideId "501999"]
[WhiteElo "2305"]
[BlackElo "2176"]
[Result "1/2-1/2"]
[Round "08"]
[TimeControl "180+2"]
[Date "2023.02.21"]
[WhiteClock "0:00:11"]
[BlackClock "0:00:22"]

1. b3 Nf6 2. Bb2 d5 3. e3 Bg4 4. Be2 Bxe2 5. Qxe2 c6 6. Nc3 Nbd7 7. O-O-O e6 8. f4 Qa5 9. g4 Ba3 10. g5 Bxb2+ 11. Kxb2 Ng8 12. Nf3 Ne7 13. h4 O-O-O 14. h5 Nf5 15. Rhg1 Kb8 16. d3 Qb6 17. e4 Nd6 18. Na4 Qc7 19. Ne5 Rdf8 20. Nxd7+ Qxd7 21. e5 Nf5 22. Nc5 Qc7 23. d4 Ka8 24. c3 b6 25. Nd3 c5 26. Qf2 cxd4 27. cxd4 Rc8 28. Rc1 Qe7 29. a3 g6 30. hxg6 hxg6 31. Rxc8+ Rxc8 32. Rc1 Rxc1 33. Nxc1 Qc7 34. Ne2 Qc6 35. Nc3 Kb7 36. Kc2 Qc8 37. Kb2 Qh8 38. Nb5 a6 39. Nc3 Qh1 40. Qd2 Qf3 41. a4 Qe3 42. Qxe3 Nxe3 43. Ne2 Kc6 44. Kc3 Nf5 45. Kd3 a5 46. Nc3 Ng3 47. Nd1 Nh5 48. Ke3 Ng3 49. Nc3 Nf5+ 50. Kd3 Ng3 51. Nb5 Nf5 52. Na7+ Kb7 53. Nb5 Kc6 54. Na7+ Kd7 55. Nb5 Kc6 1/2-1/2


[Site "https://www.chess.com"]

[Event "Titled Tuesday Blitz February 21 Early 2023"]
[White "Khamdamova, Afruza"]
[Black "Alice, Mateus Felizardo Viageiro"]
[WhiteFideId "14210444"]
[BlackFideId "14800047"]
[WhiteElo "2162"]
[BlackElo "2202"]
[Result "1-0"]
[Round "08"]
[TimeControl "180+2"]
[Date "2023.02.21"]
[WhiteClock "0:01:47"]
[BlackClock "0:01:30"]

1. e4 c5 2. Nf3 d6 3. d4 cxd4 4. Nxd4 Nf6 5. Nc3 a6 6. Bg5 e6 7. f4 Qb6 8. Qd2 Nc6 9. O-O-O Nxd4 10. Qxd4 Qxd4 11. Rxd4 Bd7 12. e5 dxe5 13. fxe5 Ng8 14. Ne4 Bc6 15. Bd3 h6 16. Bh4 Rc8 17. Rd1 Bd5 18. Kb1 g5 19. Bg3 Bc5 20. Nxc5 Rxc5 21. Be4 Ne7 22. Bf2 Rc8 23. c4 Bxe4+ 24. Rxe4 Nc6 25. Bb6 1-0


[Site "https://www.chess.com"]

[Event "Titled Tuesday Blitz February 21 Early 2023"]
[White "Ilinca Ilinca, Felix Antonio"]
[Black "I_KID_you_not"]
[WhiteFideId "54764998"]
[WhiteElo "2266"]
[BlackElo "2364"]
[Result "1-0"]
[Round "08"]
[TimeControl "180+2"]
[Date "2023.02.21"]
[WhiteClock "0:01:02"]
[BlackClock "0:00:33"]

1. e4 c5 2. Nf3 Nc6 3. Bb5 g6 4. c3 Bg7 5. O-O Nf6 6. e5 Nd5 7. d4 cxd4 8. cxd4 O-O 9. Nc3 Nxc3 10. bxc3 d6 11. Re1 Bg4 12. exd6 Qxd6 13. h3 Be6 14. Ng5 Bd5 15. Qg4 a6 16. Bd3 Na5 17. Qh4 h6 18. Ne4 Qc6 19. Bxh6 Bxe4 20. Bxe4 Qxc3 21. Bxg6 fxg6 22. Bxg7 Kxg7 23. Rac1 Qa3 24. Rxe7+ Rf7 25. Rxf7+ Kxf7 26. Rc7+ Ke6 27. Qe4+ Kf6 28. Qe5# 1-0


[Site "https://www.chess.com"]

[Event "Titled Tuesday Blitz February 21 Early 2023"]
[White "Guzman Moneo, Alberto"]
[Black "Yeritsyan, Hayk"]
[WhiteFideId "2209616"]
[BlackFideId "13307320"]
[WhiteElo "2170"]
[BlackElo "2241"]
[Result "1/2-1/2"]
[Round "08"]
[TimeControl "180+2"]
[Date "2023.02.21"]
[WhiteClock "0:00:34"]
[BlackClock "0:00:11"]

1. e4 c6 2. Nf3 d5 3. d3 Bg4 4. Be2 e6 5. Ne5 Bxe2 6. Qxe2 Nf6 7. O-O Be7 8. Bg5 O-O 9. Nd2 Nbd7 10. Nxd7 Nxd7 11. Bxe7 Qxe7 12. c3 Nf6 13. f4 Rfd8 14. e5 Nd7 15. d4 c5 16. f5 exf5 17. Rxf5 cxd4 18. cxd4 f6 19. Raf1 fxe5 20. dxe5 Nf8 21. Nf3 Ne6 22. Qd3 d4 23. h4 Rf8 24. g4 g6 25. Rxf8+ Rxf8 26. Qc4 Kg7 27. Nxd4 Rxf1+ 28. Kxf1 Nxd4 29. Qxd4 Qxh4 30. Qd7+ Kf8 31. Qc8+ Kf7 32. Qxb7+ Qe7 33. Qe4 Qh4 34. Kg2 h5 35. e6+ Ke7 36. Qxg6 Qxg4+ 37. Qxg4 hxg4 38. Kg3 Kxe6 39. Kxg4 Kd5 40. Kf3 Kd4 41. Ke2 Kc4 42. Kd2 a5 43. Kc2 a4 44. Kd2 Kd4 45. Kc2 Kc4 46. b3+ axb3+ 47. axb3+ Kb4 48. Kb2 Kb5 49. Kc3 Kc5 50. b4+ Kb5 51. Kb3 Kb6 52. Kc4 Kc6 53. b5+ Kb6 54. Kb4 Kb7 55. Kc5 Kc7 56. b6+ Kb7 57. Kb5 Kb8 58. Kc5 Kb7 59. Kb5 Kb8 60. Ka5 Kb7 61. Kb5 1/2-1/2


[Site "https://www.chess.com"]

[Event "Titled Tuesday Blitz February 21 Early 2023"]
[White "Liu, Casper"]
[Black "Weetik, Vjacheslav"]
[WhiteFideId "1454153"]
[BlackFideId "4153472"]
[WhiteElo "2278"]
[BlackElo "2423"]
[Result "0-1"]
[Round "08"]
[TimeControl "180+2"]
[Date "2023.02.21"]
[WhiteClock "0:00:50"]
[BlackClock "0:00:24"]

1. d4 Nf6 2. Bf4 c5 3. e3 g6 4. dxc5 Qa5+ 5. Nd2 Qxc5 6. Ngf3 Nc6 7. a3 e5 8. Nb3 Qe7 9. Bg5 Bg7 10. h4 h6 11. Bxf6 Bxf6 12. h5 g5 13. Qd5 O-O 14. Bd3 Bg7 15. Nc5 d6 16. Ne4 Rd8 17. Ng3 Be6 18. Qe4 d5 19. Qh7+ Kf8 20. Bf5 e4 21. Bxe6 fxe6 22. Nh2 Bc3+ 0-1


[Site "https://www.chess.com"]